 Dungeon Crawl Stone Soup version 0.27-a0-1200-g94dc6ad4cf (webtiles) character file.

Game seed: 13605001306762234459

373 quinnr the Chiller (level 6, -2/45 HPs)
             Began as a Draconian Ice Elementalist on June 1, 2021.
             Slain by a scorpion (8 damage)
             ... on level 4 of the Dungeon.
             The game lasted 00:12:33 (5249 turns).

quinnr the Chiller (Draconian Ice Elementalist)     Turns: 5249, Time: 00:12:34

Health: -2/45      AC:  7    Str: 10    XL:     6   Next: 43%
Magic:  2/11       EV: 12    Int: 18    God:
Gold:   103        SH:  0    Dex: 11    Spells: 3/11 levels left

rFire    + . .     SeeInvis .   (no weapon)
rCold    . . .     Faith    .   (no shield)
rNeg     . . .     Spirit   .   (armour unavailable)
rPois    .         Reflect  .   (helmet restricted)
rElec    .         Harm     .   (no cloak)
rCorr    .         Rampage  .   i - +0 pair of gloves
Will     .....                  (no boots)
Stlth    ++........             (no amulet)
HPRegen  0.15/turn              j - ring of protection from fire
MPRegen  0.12/turn              (no ring)

@: lethally poisoned (-2 -> -14), freezing walls, very slightly contaminated
A: AC +6, unfitting armour, cold-blooded
a: no special abilities


You were on level 4 of the Dungeon.
You visited 1 branch of the dungeon, and saw 4 of its levels.

You collected 158 gold pieces.
You spent 55 gold pieces at shops.

Inventory:

Missiles
 k - 82 stones (quivered)
Armour
 i - a +0 pair of gloves (worn)
Jewellery
 j - a ring of protection from fire (left hand)
Wands
 l - a wand of iceblast (9)
Scrolls
 a - 2 scrolls of holy word {unknown}
 b - 4 scrolls of magic mapping {unknown}
 e - 3 scrolls of teleportation {unknown}
 g - 3 scrolls of identify {unknown}
 h - a scroll of enchant weapon {unknown}
Potions
 c - a potion of degeneration {unknown}
 d - a potion of might {unknown}
 f - a potion of resistance {unknown}
 m - a potion of cancellation {unknown}
 n - a potion of magic {unknown}
 o - a potion of heal wounds
 p - 2 potions of curing {unknown}


   Skills:
 - Level 1.7 Dodging
 - Level 1.7 Stealth
 + Level 3.4 Spellcasting
 - Level 3.0 Summonings
 + Level 6.3 Ice Magic


You had 3 spell levels left.
You knew the following spells:

 Your Spells              Type           Power      Damage    Failure   Level
a - Freeze                Ice            100%       1d11      1%          1
b - Frozen Ramparts       Ice            50%        1d7       3%          3
c - Summon Ice Beast      Ice/Summ       19%        N/A       22%         4

Your spell library contained the following spells:

 Spells                   Type           Power      Damage    Failure   Level
 Ozocubu's Armour         Ice            25%        N/A       3%          3
 Summon Small Mammal      Summ           52%        N/A       4%          1
 Call Imp                 Summ           13%        N/A       7%          2
 Call Canine Familiar     Summ           13%        N/A       14%         3
 Summon Guardian Golem    Hex/Summ       8%         N/A       26%         3
 Confusing Touch          Hex            3%         N/A       43%         3
 Gell's Gravitas          Tloc           1%         N/A       43%         3
 Hailstorm                Conj/Ice       14%        3d5       38%         4
 Summon Lightning Spire   Summ/Air       8%         N/A       63%         4
 Metabolic Englaciation   Hex/Ice        7%         N/A       75%         5
 Petrify                  Tmut/Erth      3%         N/A       83%         4
 Yara's Violent Unravell  Hex/Tmut       1%         3d3       99%         5


Dungeon Overview and Level Annotations

Branches:
Dungeon (4/15)
 Temple: D:4-7

Altars:

Shops:
D:4 (*


Innate Abilities, Weirdness & Mutations

Your plain brown scales are hard. (AC +6)
You cannot fit into any form of body armour.
You are cold-blooded and may be slowed by cold attacks.


Message History

Casting: Frozen Ramparts (dangerous; 3% risk of failure)
Press: ? - help, Dir - look around, f - activate The walls around you are covered in ice.
The wall freezes the scorpion. x2; The scorpion stings you!
You are poisoned.
The scorpion poisons you!
Casting: Frozen Ramparts (dangerous; 3% risk of failure)
Confirm with . or Enter, or press ? or * to list all spells.
Aiming: Freeze (safe; 1% risk of failure)
Press: ? - help, Shift-Dir - straight line, f - scorpion
Aim: a scorpion (moderately wounded)
You freeze the scorpion.
The scorpion is moderately wounded.
You feel very sick.
The wall freezes the scorpion.
The scorpion stings you!
You are more poisoned.
The scorpion poisons you!
Casting: Freeze (safe; 1% risk of failure)
Confirm with . or Enter, or press ? or * to list all spells.
Aiming: Freeze (safe; 1% risk of failure)
Press: ? - help, Shift-Dir - straight line, f/p - scorpion
Aim: a scorpion (moderately wounded)
You freeze the scorpion.
The scorpion is heavily wounded.
You feel very sick.
The wall freezes the scorpion.
The scorpion stings you.
Casting: Freeze (safe; 1% risk of failure)
Confirm with . or Enter, or press ? or * to list all spells.
The spell is quite dangerous to cast (22% risk of failure)!
Continue anyway?
Okay, then.
Casting: Summon Ice Beast (quite dangerous; 22% risk of failure)
Confirm with . or Enter, or press ? or * to list all spells.
The spell is quite dangerous to cast (22% risk of failure)!
Continue anyway?
You miscast Summon Ice Beast.
You are very lightly contaminated with residual magic.
You are covered in a thin layer of ice!
* * * LOW HITPOINT WARNING * * *
x2 You feel very sick.
The wall freezes the scorpion.
The scorpion stings you!
You die...

#.# ##.###.####<# #.# #.
#.###...##.# #.# #.# #.
#..........# #.# #.# #.
#####...#### #.# #.######.
##.## #.# #.)<..... #.# #.#
#########.. #.# #.#
#....∩.)... ##.## #####.#
#.######### #######...#
#..s@.# #.# #.........#
#.###.# #.#
#.#####.###############.#####
#.# #####...≈≈###.........#
#.# ##..≈≈P≈.##.###.###.# .<#
#≈..≈≈≈≈≈.#.# #.# #.# #.#
#########.P.#.# #.###.#####
#.#####.......#b..#.#
#.........#
#.......#####.#≈..###
#.###.#####


You could see a scorpion.

Vanquished Creatures
  A necrophage (D:4)
  A hound (D:4)
  An iguana (D:4)
  Ijyb (D:3)
  7 adders
  A worm (D:2)
  8 dart slugs
  3 orcs
  4 endoplasms
  2 giant cockroaches
  4 goblins
  3 hobgoblins
  10 jackals
  6 kobolds
  2 quokkas
  5 ball pythons
  3 bats
  5 frilled lizards
  4 rats
71 creatures vanquished.

Vanquished Creatures (collateral kills)
  A necrophage (D:4)
  An orc priest (D:4)
  2 orcs (D:4)
4 creatures vanquished.

Vanquished Creatures (others)
  8 fungi (D:4)
8 creatures vanquished.

Grand Total: 83 creatures vanquished

Notes
Turn   | Place    | Note
-------+----------+-------------------------------------------
     0 | D:1      | quinnr the Draconian Ice Elementalist began the quest for
                  | the Orb.
     0 | D:1      | Reached XP level 1. HP: 14/14 MP: 3/3
   295 | D:1      | Reached XP level 2. HP: 20/20 MP: 3/5
   996 | D:2      | Reached skill level 5 in Ice Magic
  1110 | D:2      | Reached XP level 3. HP: 26/26 MP: 2/6
  1185 | D:2      | Learned a level 3 spell: Frozen Ramparts
  1315 | D:2      | Found a faded altar of an unknown god.
  1560 | D:2      | Reached XP level 4. HP: 33/33 MP: 3/7
  2006 | D:2      | quinnr: ??gell's gravitas
  2006 | D:2      | beem: gell's gravitas[1/1]: L3 Translocations spell in the
                  | books of the Warp and Spatial Translocation. Pulls
                  | creatures (excluding the caster) towards a target square
                  | (including where you're standing!), smashing them into each
                  | other. Affects a larger area with more spellpower.
  2006 | D:2      | quinnr: ??gell's gravitas[2
  2006 | D:2      | beem: I don't have a page labeled gell's_gravitas[2] in my
                  | learndb.
  2788 | D:3      | Learned a level 4 spell: Summon Ice Beast
  3236 | D:3      | Noticed Ijyb
  3544 | D:3      | Killed Ijyb
  3545 | D:3      | Reached skill level 1 in Summonings
  3545 | D:3      | Reached skill level 6 in Ice Magic
  3545 | D:3      | Reached XP level 5. HP: 17/38 MP: 2/9
  4114 | D:4      | Found Zurush's Weapon Emporium.
  4188 | D:4      | Noticed a necrophage
  4195 | D:4      | Killed a necrophage
  4371 | D:4      | Found Buoshoi's General Store.
  4525 | D:4      | Reached XP level 6. HP: 45/45 MP: 5/10
  4587 | D:4      | Bought a potion of heal wounds for 55 gold pieces
  5249 | D:4      | Slain by a scorpion

Illustrated notes

Levels and vault maps discovered:
D:1:      tarquinn_simple_flora_water_f, layout_loops_ring
D:2:      layout_basic, hellmonk_ecumenical_altar_inner_sanctum,
          minmay_pentomino_pile
D:3:      layout_basic, nrook_campfire, uniq_ijyb
D:4:      layout_loops_ring, serial_aquarium, aquarium_bridge_square
          [aquarium_subvault_window, aquarium_subvault_bridge,
          aquarium_subvault_bridge, aquarium_subvault_wall],
          aquarium_window_corner, aquarium_window_2, aquarium_view_2b,
          aquarium_balcony_1b, aquarium_pool_corner, serial_shops, shop, shop

Skill      XL: |  1  2  3  4  5 |
---------------+----------------+-----
Ice Magic      | 5 6 |  6.3
Summonings     | 1 3 |  3.0
Spellcasting   | 3 |  3.4
Dodging        | |  1.7
Stealth        | |  1.7

Action                   |  1- 3 |  4- 6 || total
-------------------------+-------+-------++-------
Melee: Unarmed           |     7 |     2 ||     9
Throw: Stone             |       |     2 ||     2
 Cast: Freeze            |    47 |    37 ||    84
       Frozen Ramparts   |     3 |    22 ||    25
       Summon Ice Beast  |       |     3 ||     3
Armor: Skin              |    15 |     6 ||    21
Dodge: Dodged            |    24 |    29 ||    53

Table legend: (Time is in decaauts)
 A = Elapsed time spent in this place.
 B = Non-inter-level travel time spent in this place.
 C = Inter-level travel time spent in this place.
 D = Time resting spent in this place.
 E = Time spent auto-exploring this place.
 F = Levels seen in this place.
 G = Mean time per level.
                   A        B        C        D        E       F      G
               +--------+--------+--------+--------+--------+-----+--------+
         Total |   5253 |   4995 |    258 |    735 |   3585 |   4 | 1313.2 |
       Dungeon |   5253 |   4995 |    258 |    735 |   3585 |   4 | 1313.2 |
               +--------+--------+--------+--------+--------+-----+--------+

Top non-repeatable levels by time:
     D:3: 1818 daAuts
     D:4: 1311 daAuts
     D:2: 1119 daAuts
     D:1: 1003 daAuts
